 Dungeon Crawl Stone Soup version 0.31.0 (webtiles) character file.

Game seed: 15613650874861936348

2002 SnakkuSnakku7 the Cleaver (level 9, -7/64 HPs)
             Began as a Formicid Cinder Acolyte on Jan 20, 2024.
             Was a High Priest of Ignis.
             Mangled by an orc warrior
             ... wielding a +0 long sword
              (11 damage)
             ... on level 6 of the Dungeon.
             The game lasted 00:08:38 (4896 turns).

SnakkuSnakku7 the Cleaver (Formicid Cinder Acolyte) Turns: 4896, Time: 00:08:39

Health: -7/64      AC: 13    Str: 22    XL:     9   Next: 45%
Magic:  10/10      EV:  6    Int: 15    God:    Ignis [*****.]
Gold:   322        SH:  0    Dex:  9    Spells: 10/10 levels left

rFire   + . .        a - +5 halberd
rCold   . . .        (no shield)
rNeg    . . .        x - +0 plate armour
rPois   .            (helmet unavailable)
rElec   .            u - +1 cloak
rCorr   .            (no gloves)
SInv    +            n - +0 pair of boots
Will    .....        (no amulet) Stlth
                     (no ring)
HPRegen 0.30/turn    (no ring)
MPRegen 0.12/turn

%: no passive effects
@: no status effects
A: permanent stasis, dig shafts and tunnels, antennae 3, four strong arms
a: Dig, Shaft Self, Renounce Religion, Fiery Armour, Foxfire Swarm, Rising Flame


You were on level 6 of the Dungeon.
You worshipped Ignis.
Ignis was extremely pleased with you.
You visited 1 branch of the dungeon, and saw 6 of its levels.
You also visited: Sewer.

You collected 394 gold pieces.
You spent 72 gold pieces at shops.

Inventory:

Hand Weapons
 a - a +5 halberd (weapon)
 v - a -1 hand axe of flaming
 y - a +3 spear of venom
Armour
 b - a +0 robe
 c - a +0 scale mail
 n - a +0 pair of boots (worn)
 u - a +1 cloak (worn)
 x - a +0 plate armour (worn)
Jewellery
 j - a ring of ice
Wands
 o - a wand of charming (18)
 w - a wand of digging (7)
 A - a wand of iceblast (8)
Scrolls
 e - 4 scrolls of teleportation {unknown}
 g - a scroll of poison {unknown}
 h - a scroll of enchant weapon {unknown}
 i - a scroll of fog {unknown}
 k - 4 scrolls of identify {unknown}
 m - 2 scrolls of amnesia {unknown}
 s - a scroll of enchant armour {unknown}
Potions
 d - a potion of attraction {unknown}
 f - 3 potions of magic {unknown}
 l - 2 potions of curing {unknown}
 p - a potion of degeneration {unknown}
 q - a potion of mutation {unknown}
 r - a potion of haste {unknown}
 t - a potion of ambrosia {unknown}
 z - a potion of brilliance {unknown}


   Skills:
 - Level 3.2 Fighting
 - Level 9.0(10.4) Axes
 + Level 8.2(10.0) Polearms
 - Level 1.1 Spellcasting
 - Level 3.0 Fire Magic


You had 10 spell levels left.
You didn't know any spells.
Your spell library contained the following spells:

 Spells                   Type           Power      Damage    Failure   Level
 Scorch                   Fire           18%        2d5       97%         2
 Cigotuvi's Dreadful Rot  Necr/Alch/Air  0%         N/A       100%        2
 Ensorcelled Hibernation  Hex/Ice        0%         N/A       100%        2
 Inner Flame              Hex/Fire       5%         N/A       100%        3
 Passwall                 Erth           0%         N/A       100%        3
 Dispel Undead            Necr           0%         3d6       100%        4
 Flame Wave               Conj/Fire      5%         2d5       100%        4
 Martyr's Knell           Necr/Summ      0%         N/A       100%        4
 Sticky Flame             Fire/Alch      5%         2d4       100%        4
 Death Channel            Necr           0%         N/A       100%        6
 Swiftness                Air            Unusable   N/A       N/A         3

Dungeon Overview and Level Annotations

Branches:
Dungeon (6/15)             Temple (0/1) D:5           Sewer (visited)

Altars:
Ashenzari
Dithmenos
Gozag
Trog
Xom
Yredelemnul

Shops:
D:2 (   D:4 :=*(


Innate Abilities, Weirdness & Mutations

You cannot be hasted, slowed, berserked, paralysed or teleported.
You can dig through walls and to a lower floor.
You have a pair of large antennae on your head. (SInv)
Your four strong arms can wield two-handed weapons with a shield.


Message History

The orc warrior hits you with a +0 long sword.
The white imp grinds its teeth.
The orc attacks as it pursues you! The orc hits you with a +0 hand axe.
Aiming: Charm
Press: ? - help, Shift-Dir - straight line, f - orc warrior
Aim: an orc warrior, wielding a +0 long sword and wearing a +0 plate armour (chance to affect: 49%)
The orc warrior resists with some effort.
The orc warrior hits you but does no damage.
Unknown command.
Aiming: Charm
Press: ? - help, Shift-Dir - straight line, f/p - orc warrior
Aim: an orc warrior, wielding a +0 long sword and wearing a +0 plate armour (chance to affect: 49%)
The orc warrior resists with some effort.
The orc warrior hits you with a +0 long sword!
* * * LOW HITPOINT WARNING * * *
Aiming: Charm
Press: ? - help, Shift-Dir - straight line, f/p - orc warrior
Aim: an orc warrior, wielding a +0 long sword and wearing a +0 plate armour (chance to affect: 49%)
The orc warrior resists with some effort.
The orc warrior hits you but does no damage.
The white imp grins evilly.
Okay, then.
Aiming: Charm
Press: ? - help, Shift-Dir - straight line, f/p - orc warrior
Aim: an orc warrior, wielding a +0 long sword and wearing a +0 plate armour (chance to affect: 49%)
The orc warrior resists with some effort.
The orc warrior barely misses you.
Unknown command.
Aiming: Charm
Press: ? - help, Shift-Dir - straight line, f/p - orc warrior
Aim: an orc warrior, wielding a +0 long sword and wearing a +0 plate armour (chance to affect: 49%)
The orc warrior resists with some effort.
The orc warrior hits you with a +0 long sword!
* * * LOW HITPOINT WARNING * * *
Aiming: Charm
Press: ? - help, Shift-Dir - straight line, f/p - orc warrior
Aim: an orc warrior, wielding a +0 long sword and wearing a +0 plate armour (chance to affect: 49%)
The orc warrior resists with some effort.
The orc warrior hits you with a +0 long sword!
You die...

#...# .........#
.#..# .........#
##..# .........# .#
>.. .......).# ## ##.
#.# #.)# # #.# #o.#
#.# #..# ###
#####.###5.# #.#
.......@ooo# #.#
#####.####.###.#
#######.####.....#
..........######.#
##############.#.#
#.#
.......##....#.#.####
#.#
######.##......#....#
#.#
######.#####.######.#
#.# ..)....# #..# #.#
#.#


You could see an orc warrior, a white imp and 2 orcs.

Vanquished Creatures
  Pikel (D:6)
  An ice beast (D:5)
  A black bear (D:4)
  Pargi (Sewer)
  2 phantoms (D:5)
  A lemure (D:6)
  A brain worm (Sewer)
  A bullfrog (D:3)
  3 scorpions
  5 wights (D:5)
  4 hounds (D:5)
  A bombardier beetle (D:4)
  2 sleepcaps (D:6)
  3 iguanas
  4 orc wizards
  8 adders
  3 gnolls (D:2)
  5 ribbon worms
  8 orcs
  8 ball pythons
  3 giant cockroaches
  9 hobgoblins
  7 kobolds
  9 quokkas
  16 bats
  3 frilled lizards
  7 goblins
  9 rats
126 creatures vanquished.

Notes
Turn   | Place    | Note
-------+----------+-------------------------------------------
     0 | D:1      | SnakkuSnakku7 the Formicid Cinder Acolyte began the quest
                  | for the Orb.
     0 | D:1      | Reached XP level 1. HP: 18/18 MP: 2/2
   142 | D:1      | Reached XP level 2. HP: 24/24 MP: 3/3
   215 | D:1      | Reached skill level 4 in Axes
   215 | D:1      | Reached XP level 3. HP: 13/29 MP: 4/4
   982 | D:2      | Found Qautwul's Weapon Shoppe.
  1237 | D:2      | Found a faded altar of an unknown god.
  1242 | D:2      | Reached XP level 4. HP: 26/35 MP: 5/5
  1251 | D:2      | Reached skill level 5 in Axes
  1868 | D:3      | Reached XP level 5. HP: 41/41 MP: 6/6
  1936 | D:3      | Found a glowing drain.
  1953 | Sewer    | Entered a sewer
  1977 | Sewer    | Noticed a brain worm
  1992 | Sewer    | Killed a brain worm
  1993 | Sewer    | Reached skill level 6 in Axes
  1993 | Sewer    | Reached XP level 6. HP: 28/47 MP: 5/7
  1993 | Sewer    | Noticed Pargi
  2000 | Sewer    | Killed Pargi
  2328 | D:3      | Reached skill level 7 in Axes
  2579 | D:4      | Found Erghoraf's Assorted Antiques.
  2590 | D:4      | Bought a lumpy orange potion for 23 gold pieces
  2590 | D:4      | Bought a murky orange potion for 23 gold pieces
  2590 | D:4      | Bought a scroll labelled UVUGAS VEOBBA for 26 gold pieces
  2621 | D:4      | Noticed a black bear
  2631 | D:4      | Killed a black bear
  2632 | D:4      | Reached XP level 7. HP: 38/52 MP: 8/8
  2879 | D:3      | Reached skill level 8 in Axes
  2920 | D:4      | Found Xemipeph's Jewellery Shoppe.
  2982 | D:4      | Found Jepaq's Book Emporium.
  3077 | D:4      | Found a shadowy altar of Dithmenos.
  3080 | D:4      | Found an opulent altar of Gozag.
  3084 | D:4      | Found a shimmering altar of Xom.
  3084 | D:4      | Found a basalt altar of Yredelemnul.
  3090 | D:4      | Found a broken altar of Ashenzari.
  3171 | D:4      | Found Haorpho's Antique Weapon Shop.
  3303 | D:5      | Entered Level 5 of the Dungeon
  3317 | D:5      | Reached XP level 8. HP: 43/58 MP: 9/9
  3378 | D:5      | Reached skill level 9 in Axes
  3431 | D:5      | Reached skill level 1 in Polearms
  3629 | D:5      | Found a bloodstained altar of Trog.
  3935 | D:5      | Reached skill level 5 in Polearms
  3991 | D:5      | Reached XP level 9. HP: 36/64 MP: 10/10
  4410 | D:5      | Found a staircase to the Ecumenical Temple.
  4745 | D:6      | Noticed Pikel
  4766 | D:6      | Killed Pikel
  4895 | D:6      | HP: 3/64 [orc warrior/+0 long sword (9)]
  4896 | D:6      | Mangled by an orc warrior

Illustrated notes

Levels and vault maps discovered:
D:1:      minmay_arrival_plants_in_alcoves, layout_loops_ring, st_stairs_13
D:2:      layout_basic, ebering_ecumenical_altar_abandoned, serial_shops,
          nicolae_shop_bloodbath_and_beyond, serial_bayou_lagoon_b
D:3:      layout_loops_ring, gup_sewer_entry_bubbles
D:4:      layout_rooms, nicolae_overflow_hallway_of_the_gods, serial_shops,
          nicolae_shop_crystal, shop, shop, shop, hangedman_abyss_or_decor_slice
D:5:      layout_basic, trog_three_pillars_becter, minmay_temple_entry_offerings
D:6:      layout_basic, st_stairs_12, grunt_ministairs_15,
          chequers_hall_statues_corner_a, kennysheep_generic_room_8, uniq_pikel

Skill      XL: |  1  2  3  4  5  6  7  8  9 |
---------------+----------------------------+-----
Axes           | 4 5 6 7 8 9 |  9.0
Polearms       | 6 8 |  8.2
Fighting       | |  3.2
Spellcasting   | |  1.1
Fire Magic     | |  3.0

Action                     |  1- 3 |  4- 6 |  7- 9 || total
---------------------------+-------+-------+-------++-------
  Melee: Hand axe          |    79 |   157 |    80 ||   316
         Punch             |       |     1 |     3 ||     4
         Spear             |       |       |   149 ||   149
         Halberd           |       |       |    35 ||    35
 Invoke: Fiery Armour      |     1 |     1 |     1 ||     3
Ability: Dig               |       |     1 |     1 ||     2
  Evoke: Wand              |       |       |     6 ||     6
 Armour: Scale mail        |    88 |   148 |   118 ||   354
         Robe              |     1 |       |       ||     1
         Plate armour      |       |       |    78 ||    78
  Dodge: Dodged            |    56 |    81 |    81 ||   218
